SNL (28 & UNDER)
BLACKIRON DRAGONS @ GAINESVILLE GUIDOS
07/16/2023
 
TOP OF THE 1ST
BlackIron Dragons batting - Pitching for Gainesville Guidos : RHP Dave Riley
Pitching: RHP Dave Riley
Batting: RHB Kenneth Hilton 0-0: Called Strike
0-1: Swinging Strike
0-2: Strikes out swinging
Batting: RHB Edgardo Carrasco 0-0: Ball
1-0: Called Strike
1-1: Reached on error, E5 (Groundball, 5L)
Batting: LHB Brian Roy 0-0: Ball
1-0: Called Strike
1-1: Reached on error, E3 (Groundball, 3L)
Edgardo Carrasco to third
Batting: RHB Cole Ball 0-0: SINGLE (Line Drive, 56)
Edgardo Carrasco scores
Brian Roy to second
Batting: RHB Dallas Blair 0-0: Foul Ball, location: 2F
0-1: Ground out 5-3 (Groundball, 56S)
Brian Roy to third
Cole Ball to second
Batting: RHB Leroy Jamison 0-0: Ball
1-0: Ball
2-0: Ball
3-0: Called Strike
3-1: Foul Ball, location: 2F
3-2: Foul Ball, location: 2F
3-2: Strikes out looking
Top of the 1st over - 1 run(s), 1 hit(s), 2 error(s), 2 left on base; BlackIron 1 - Gainesville 0
BOTTOM OF THE 1ST
Gainesville Guidos batting - Pitching for BlackIron Dragons : RHP Ángel Polanco
Pitching: RHP Ángel Polanco
Batting: SHB Reynaldo Gallegos 0-0: Ball
1-0: Called Strike
1-1: Ball
2-1: Ball
3-1: Base on Balls
Batting: RHB Victor Andrews 0-0: Ball
Reynaldo Gallegos steals 2nd base
1-0: Swinging Strike
1-1: Ground out 5-3 (Groundball, 5L)
Batting: LHB David Murphy 0-0: Called Strike
0-1: 2-RUN HOME RUN (Line Drive, 7LD), Distance : 351 ft
Batting: RHB José Fernández 0-0: Ball
1-0: Swinging Strike
1-1: Swinging Strike
1-2: Ball
2-2: Foul Ball, location: 2F
2-2: Ball
3-2: Base on Balls
Batting: LHB Ed Hart 0-0: Called Strike
0-1: 2-RUN HOME RUN (Flyball, 9D), Distance : 380 ft
Batting: RHB Jason Saunders 0-0: Ball
1-0: Called Strike
1-1: Called Strike
1-2: Ball
2-2: Foul Ball, location: 2F
2-2: Ball
3-2: Fly out, F8 (Flyball, 8RM)
Batting: RHB Noriyori Ine 0-0: Called Strike
0-1: Swinging Strike
0-2: Ball
1-2: Ball
2-2: Ball
3-2: Strikes out swinging
Bottom of the 1st over - 4 run(s), 2 hit(s), 0 error(s), 0 left on base; BlackIron 1 - Gainesville 4
TOP OF THE 2ND
BlackIron Dragons batting - Pitching for Gainesville Guidos : RHP Dave Riley
Batting: RHB Ed Sims 0-0: Ball
1-0: Ball
2-0: Called Strike
2-1: Foul Ball, location: 2F
2-2: Ball
3-2: SINGLE (Groundball, 4)
Batting: RHB Joaquín Rosales 0-0: Ball
1-0: Called Strike
1-1: Swinging Strike
1-2: Strikes out swinging
Batting: RHB Boyd Pittman 0-0: Foul Ball, location: 2F
0-1: Fly out, F7 (Line Drive, 7M)
Batting: RHB Kenneth Hilton 0-0: Ball
1-0: Ball
2-0: Called Strike
2-1: Ball
3-1: Base on Balls
Ed Sims to second
Batting: RHB Edgardo Carrasco 0-0: Ball
1-0: SINGLE (Line Drive, 34D)
Ed Sims to third
Kenneth Hilton to second
Runner from 3rd tries for Home, throw and OUT!
Top of the 2nd over - 0 run(s), 2 hit(s), 0 error(s), 2 left on base; BlackIron 1 - Gainesville 4
BOTTOM OF THE 2ND
Gainesville Guidos batting - Pitching for BlackIron Dragons : RHP Ángel Polanco
Batting: RHB Pedro Mata 0-0: Ball
1-0: Ball
2-0: Ball
3-0: Base on Balls
Batting: RHB Iván Moreno 0-0: Ball
1-0: Ball
2-0: Called Strike
2-1: Ground out 4-3 (Groundball, 4M)
Pedro Mata to second
Batting: SHB Reynaldo Gallegos 0-0: Ball
1-0: Ball
2-0: Ball
3-0: Base on Balls
Batting: RHB Victor Andrews 0-0: Called Strike
0-1: Grounds into double play, 6-4-3 (Groundball, 6)
Bottom of the 2nd over - 0 run(s), 0 hit(s), 0 error(s), 1 left on base; BlackIron 1 - Gainesville 4
TOP OF THE 3RD
BlackIron Dragons batting - Pitching for Gainesville Guidos : RHP Dave Riley
Batting: LHB Brian Roy 0-0: SINGLE (Popup, 9S)
Batting: RHB Cole Ball 0-0: SINGLE (Groundball, 13S) (infield hit)
Brian Roy to second
Batting: RHB Dallas Blair 0-0: Fielders Choice at 3rd, U5 (Groundball, 5L)
Cole Ball to second
Batting: RHB Leroy Jamison 0-0: Called Strike
0-1: Reached on error, E4 (Groundball, 4)
Cole Ball to third
Dallas Blair to second
Batting: RHB Ed Sims 0-0: Swinging Strike
0-1: Called Strike
0-2: Strikes out looking
Batting: RHB Joaquín Rosales 0-0: Called Strike
0-1: SINGLE (Line Drive, 4MD)
Cole Ball scores
Dallas Blair to third
Leroy Jamison to second
Runner from 3rd tries for Home, throw and OUT!
Top of the 3rd over - 1 run(s), 3 hit(s), 1 error(s), 2 left on base; BlackIron 2 - Gainesville 4
BOTTOM OF THE 3RD
Gainesville Guidos batting - Pitching for BlackIron Dragons : RHP Ángel Polanco
Batting: LHB David Murphy 0-0: Ball
1-0: Called Strike
1-1: Fly out, F8 (Flyball, 8LD)
Batting: RHB José Fernández 0-0: Ball
1-0: Ball
2-0: Called Strike
2-1: Foul Ball, location: 2F
2-2: Ball
3-2: Base on Balls
Batting: LHB Ed Hart 0-0: Swinging Strike
0-1: Swinging Strike
0-2: Ball
1-2: Strikes out swinging
Batting: RHB Jason Saunders 0-0: Swinging Strike
0-1: Fielders Choice at 2nd, U6 (Groundball, 6M)
Bottom of the 3rd over - 0 run(s), 0 hit(s), 0 error(s), 1 left on base; BlackIron 2 - Gainesville 4
TOP OF THE 4TH
BlackIron Dragons batting - Pitching for Gainesville Guidos : RHP Dave Riley
Batting: RHB Boyd Pittman 0-0: Ball
1-0: Ball
2-0: Ball
3-0: Base on Balls
Batting: RHB Kenneth Hilton 0-0: Called Strike
0-1: Ball
1-1: Ground out 6-3 (Groundball, 6MS)
Boyd Pittman to second
Batting: RHB Edgardo Carrasco 0-0: Ball
Boyd Pittman is caught stealing 3rd base
1-0: Called Strike
1-1: Ball
2-1: Ground out 4-3 (Groundball, 4)
Top of the 4th over - 0 run(s), 0 hit(s), 0 error(s), 0 left on base; BlackIron 2 - Gainesville 4
BOTTOM OF THE 4TH
Gainesville Guidos batting - Pitching for BlackIron Dragons : RHP Ángel Polanco
Batting: RHB Noriyori Ine 0-0: SOLO HOME RUN (Flyball, 7D), Distance : 356 ft
Batting: RHB Pedro Mata 0-0: Ball
1-0: Ball
2-0: Ball
3-0: Base on Balls
Batting: RHB Iván Moreno 0-0: Called Strike
0-1: Called Strike
0-2: Ball
1-2: Foul Ball, location: 2F
1-2: Ball
2-2: Foul Ball, location: 2F
2-2: Foul Ball, location: 2F
2-2: Ball
3-2: Foul Ball, location: 2F
3-2: Strikes out swinging
Batting: SHB Reynaldo Gallegos 0-0: Ball
Passed Ball!
Pedro Mata to second
1-0: SINGLE (Line Drive, 34)
Pedro Mata to third
Batting: RHB Victor Andrews 0-0: Called Strike
0-1: Ball
1-1: Ball
2-1: Called Strike
Reynaldo Gallegos steals 2nd base
2-2: Ball
3-2: Ground out 1-3 (Groundball, 13)
Batting: LHB David Murphy 0-0: Ball
1-0: Swinging Strike
1-1: Called Strike
1-2: Ball
2-2: Foul Ball, location: 2F
2-2: Ball
3-2: SINGLE (Line Drive, 4MD)
Pedro Mata scores
Reynaldo Gallegos to third
Reynaldo Gallegos scores
Batting: RHB José Fernández 0-0: Ball
1-0: Ball
2-0: Ball
3-0: Base on Balls
David Murphy to second
Pitching: RHP Simón Amejorado
Batting: LHB Ed Hart 0-0: Ball
1-0: Called Strike
1-1: Swinging Strike
1-2: Strikes out swinging
Bottom of the 4th over - 3 run(s), 3 hit(s), 0 error(s), 2 left on base; BlackIron 2 - Gainesville 7
TOP OF THE 5TH
BlackIron Dragons batting - Pitching for Gainesville Guidos : RHP Dave Riley
Batting: LHB Brian Roy 0-0: Ball
1-0: Ball
2-0: Ball
3-0: Called Strike
3-1: Foul Ball, location: 2F
3-2: Base on Balls
Batting: RHB Cole Ball 0-0: Foul Ball, location: 2F
0-1: Swinging Strike
0-2: Foul Ball, location: 2F
0-2: Foul Ball, location: 2F
0-2: Foul Ball, location: 2F
0-2: Strikes out swinging
Batting: RHB Dallas Blair 0-0: Called Strike
Brian Roy steals 2nd base
0-1: Ball
1-1: Foul Ball, location: 2F
1-2: Fly out, F9 (Flyball, 9M)
Batting: RHB Leroy Jamison 0-0: Ball
1-0: Ball
2-0: Fly out, F7 (Flyball, 7LM)
Top of the 5th over - 0 run(s), 0 hit(s), 0 error(s), 1 left on base; BlackIron 2 - Gainesville 7
BOTTOM OF THE 5TH
Gainesville Guidos batting - Pitching for BlackIron Dragons : RHP Simón Amejorado
Batting: RHB Jason Saunders 0-0: Called Strike
0-1: SINGLE (Flyball, 7LM)
Batting: RHB Noriyori Ine 0-0: Called Strike
0-1: Ball
1-1: Ball
2-1: Ball
3-1: Base on Balls
Jason Saunders to second
Batting: RHB Pedro Mata 0-0: Foul Ball, location: 2F
0-1: Swinging Strike
0-2: Ball
1-2: Ball
2-2: Foul Ball, location: 2F
2-2: Ball
3-2: Grounds into double play, 6-4-3 (Groundball, 6)
Jason Saunders to third
Batting: RHB Iván Moreno 0-0: Ball
1-0: Foul Ball, location: 2F
1-1: Swinging Strike
1-2: Ball
2-2: Fly out, F9 (Flyball, 9M)
Bottom of the 5th over - 0 run(s), 1 hit(s), 0 error(s), 1 left on base; BlackIron 2 - Gainesville 7
TOP OF THE 6TH
BlackIron Dragons batting - Pitching for Gainesville Guidos : RHP Dave Riley
Batting: RHB Ed Sims 0-0: Called Strike
0-1: Called Strike
0-2: SINGLE (Line Drive, 8LS)
Pitching: RHP Keith Elkins
Batting: RHB Joaquín Rosales 0-0: Ball
1-0: Ball
2-0: Foul Ball, location: 2F
2-1: Called Strike
2-2: Strikes out swinging
Batting: RHB Boyd Pittman 0-0: Ball
1-0: Ball
2-0: Ball
3-0: Base on Balls
Ed Sims to second
Batting: RHB Kenneth Hilton 0-0: Fly out, F9 (Popup, 3D)
Batting: RHB Edgardo Carrasco 0-0: Fly out, F7 (Line Drive, 7LS)
Top of the 6th over - 0 run(s), 1 hit(s), 0 error(s), 2 left on base; BlackIron 2 - Gainesville 7
BOTTOM OF THE 6TH
Gainesville Guidos batting - Pitching for BlackIron Dragons : RHP Simón Amejorado
Batting: SHB Reynaldo Gallegos 0-0: Called Strike
0-1: Foul Ball, location: 2F
0-2: Strikes out swinging
Batting: RHB Victor Andrews 0-0: SOLO HOME RUN (Flyball, 78XD), Distance : 381 ft
Batting: LHB David Murphy 0-0: Ball
1-0: SOLO HOME RUN (Flyball, 9D), Distance : 354 ft
Batting: RHB José Fernández 0-0: Ball
1-0: Ball
2-0: Ball
3-0: Called Strike
3-1: Base on Balls
Batting: LHB Ed Hart 0-0: Ball
1-0: Ball
2-0: Ball
3-0: Called Strike
3-1: SINGLE (Line Drive, 8LS)
José Fernández to second
Batting: RHB Jason Saunders 0-0: Called Strike
0-1: Ball
1-1: Ball
2-1: Ball
3-1: Base on Balls
José Fernández to third
Ed Hart to second
Batting: RHB Noriyori Ine 0-0: Called Strike
0-1: Ball
1-1: Ball
2-1: Called Strike
2-2: Ball
3-2: Base on Balls
José Fernández scores
Ed Hart to third
Jason Saunders to second
Batting: RHB Pedro Mata 0-0: Called Strike
0-1: Foul Ball, location: 2F
0-2: Ball
1-2: Ground out 5-3 (Groundball, 5S)
Ed Hart scores
Jason Saunders to third
Noriyori Ine to second
Pitching: LHP José Gonzáles
Batting: RHB Iván Moreno 0-0: Swinging Strike
0-1: Called Strike
0-2: Ball
1-2: Ball
2-2: Ball
3-2: Base on Balls
Batting: SHB Reynaldo Gallegos 0-0: Ball
1-0: Ball
2-0: Swinging Strike
2-1: Foul Ball, location: 2F
2-2: Strikes out swinging
Bottom of the 6th over - 4 run(s), 3 hit(s), 0 error(s), 3 left on base; BlackIron 2 - Gainesville 11
TOP OF THE 7TH
BlackIron Dragons batting - Pitching for Gainesville Guidos : RHP Keith Elkins
Batting: LHB Brian Roy 0-0: Foul Ball, location: 2F
0-1: Ball
1-1: Ground out 4-3 (Groundball, 4M)
Batting: RHB Cole Ball 0-0: Ball
Single, Error in OF, E9, batter to second base
Batting: RHB Dallas Blair 0-0: Called Strike
0-1: Called Strike
0-2: Ball
1-2: Ball
2-2: Ball
3-2: Foul Ball, location: 2F
3-2: Foul Ball, location: 2F
3-2: Base on Balls
Batting: RHB Leroy Jamison 0-0: Called Strike
0-1: Called Strike
0-2: Ball
1-2: DOUBLE (Flyball, 9LS)
Cole Ball scores
Dallas Blair to third
Runner from 3rd tries for Home, SAFE, no throw or cutoff
Batting: RHB Ed Sims 0-0: Ball
1-0: Called Strike
Leroy Jamison steals 3rd base
1-1: Foul Ball, location: 2F
1-2: Ball
2-2: Fly out, F9 (Flyball, 9LM)
Runner from 3rd tags up, SCORES, no throw
Batting: RHB Joaquín Rosales 0-0: Ball
1-0: Fly out, F9 (Flyball, 89M)
Top of the 7th over - 3 run(s), 2 hit(s), 1 error(s), 0 left on base; BlackIron 5 - Gainesville 11
BOTTOM OF THE 7TH
Gainesville Guidos batting - Pitching for BlackIron Dragons : LHP José Gonzáles
Batting: RHB Victor Andrews 0-0: Ball
1-0: Ball
2-0: SINGLE (Flyball, 78S)
Batting: LHB David Murphy 0-0: Fly out, F8 (Flyball, 8LS)
Batting: RHB José Fernández 0-0: Fly out, F9 (Line Drive, 9M)
Batting: LHB Ed Hart 0-0: Ball
1-0: Called Strike
1-1: Ball
2-1: Foul Ball, location: 2F
2-2: Ground out U3 (Groundball, 3)
Bottom of the 7th over - 0 run(s), 1 hit(s), 0 error(s), 1 left on base; BlackIron 5 - Gainesville 11
TOP OF THE 8TH
BlackIron Dragons batting - Pitching for Gainesville Guidos : RHP Keith Elkins
Pitching: RHP Juan Patino
Now at 1B: Marcos Villarreal
Now at 2B: José Ortega
Batting: RHB Boyd Pittman 0-0: Ball
1-0: Foul Ball, location: 2F
1-1: Fly out, F5 (Popup, 5S)
Batting: RHB Kenneth Hilton 0-0: Called Strike
0-1: Ball
1-1: Called Strike
1-2: Ball
2-2: Ball
3-2: Foul Ball, location: 2F
3-2: Strikes out swinging
Batting: RHB Edgardo Carrasco 0-0: SINGLE (Groundball, 6MD)
Batting: LHB Brian Roy 0-0: Ball
1-0: Ground out 3-1 (Groundball, 34)
Top of the 8th over - 0 run(s), 1 hit(s), 0 error(s), 1 left on base; BlackIron 5 - Gainesville 11
BOTTOM OF THE 8TH
Gainesville Guidos batting - Pitching for BlackIron Dragons : LHP José Gonzáles
Batting: RHB Jason Saunders 0-0: Ball
1-0: Called Strike
1-1: DOUBLE (Line Drive, 5D)
Batting: RHB Noriyori Ine 0-0: Called Strike
0-1: Called Strike
0-2: Ball
1-2: Foul Ball, location: 2F
1-2: Ball
2-2: Ball
3-2: Base on Balls
Batting: RHB Pedro Mata 0-0: Ball
1-0: Foul Ball, location: 2F
1-1: Sac Bunt - play at first, batter OUT! 1-3
Jason Saunders to third
Noriyori Ine to second
Batting: RHB Iván Moreno 0-0: Ball
1-0: Swinging Strike
1-1: DOUBLE (Groundball, 3L)
Jason Saunders scores
Noriyori Ine scores
Batting: SHB Reynaldo Gallegos 0-0: Ball
1-0: Ball
2-0: Swinging Strike
2-1: Foul Ball, location: 2F
2-2: Strikes out looking
Batting: RHB Victor Andrews 0-0: Ball
1-0: Foul Ball, location: 2F
1-1: Ground out 6-3 (Groundball, 6M)
Bottom of the 8th over - 2 run(s), 2 hit(s), 0 error(s), 1 left on base; BlackIron 5 - Gainesville 13
TOP OF THE 9TH
BlackIron Dragons batting - Pitching for Gainesville Guidos : RHP Juan Patino
Now at 3B: Fernando Mendoza
Now in RF: António Hernández
Batting: RHB Cole Ball 0-0: Ball
1-0: Called Strike
1-1: Called Strike
1-2: Foul Ball, location: 2F
1-2: Foul Ball, location: 2F
1-2: Strikes out swinging
Batting: RHB Dallas Blair 0-0: Foul Ball, location: 2F
0-1: Ball
1-1: Ball
2-1: Called Strike
2-2: Strikes out swinging
Batting: RHB Leroy Jamison 0-0: Ball
1-0: Called Strike
1-1: Ball
2-1: Ball
3-1: Base on Balls
Pinch Hitting: RHB Brian Jackson 0-0: Called Strike
0-1: Ball
1-1: Swinging Strike
1-2: Foul Ball, location: 2F
1-2: Ball
2-2: Ball
3-2: Strikes out swinging
Top of the 9th over - 0 run(s), 0 hit(s), 0 error(s), 1 left on base; BlackIron 5 - Gainesville 13
This league is powered by Out of the Park Baseball, the baseball management simulation game for PC, Mac and Linux
Wednesday, December 2nd, 2015 - OOTP Baseball 16.8 Build 38